 Dungeon Crawl Stone Soup version 0.30-a0-1-g69b7b797bf (webtiles) character file.

Game seed: 5785917690421596826

9 BritishOli the Trooper (level 2, 15/24 HPs)
             Began as a Demonspawn Fighter on Aug 19, 2022.
             Got out of the dungeon alive.
             The game lasted 00:00:28 (111 turns).

BritishOli the Trooper (Demonspawn Fighter)          Turns: 111, Time: 00:00:29

Health: 15/24      AC:  6    Str: 16    XL:     2   Next: 3%
Magic:  2/2        EV:  7    Int:  9    God:
Gold:   0          SH:  9    Dex: 12    Spells: 1/1 levels left

rFire   . . .      SeeInvis .    a - +0 long sword
rCold   . . .      Faith    .    e - +1 kite shield {rN+}
rNeg    + . .      Spirit   .    b - +0 scale mail
rPois   .          Reflect  .    (no helmet)
rElec   .          Harm     .    (no cloak)
rCorr   .          Rampage  .    (no gloves)
Will    .....                    (no boots)
Stlth   ..........               (no amulet)
HPRegen 0.08/turn                (no ring)
MPRegen 0.08/turn                (no ring)

@: no status effects
A: demonic touch 1
a: no special abilities


You escaped.
You visited 1 branch of the dungeon, and saw 1 of its levels.

Inventory:

Hand Weapons
 a - a +0 long sword (weapon)
Armour
 b - a +0 scale mail (worn)
 c - a +0 buckler
 e - a +1 kite shield of positive energy (worn)
Potions
 d - a potion of might


   Skills:
 + Level 3.1 Fighting
 + Level 2.0 Long Blades
 + Level 2.8 Armour
 + Level 2.8 Shields


You had one spell level left.
You didn't know any spells.
Your spell library was empty.

Dungeon Overview and Level Annotations

Branches:
Dungeon (1/15)

Altars:


Innate Abilities, Weirdness & Mutations

Your touch may inflict minor irresistible damage on your foes.


Message History

You kill the frilled lizard!
A frilled lizard comes into view. x2
There are monsters nearby!
The frilled lizard hisses angrily. x2; You hear an angry hiss.
The frilled lizard barely misses you.
A frilled lizard is nearby!
You slash the frilled lizard!
You kill the frilled lizard!
The frilled lizard bites you.
A frilled lizard is nearby!
A frilled lizard is nearby!
You are too injured to fight recklessly!
A frilled lizard is nearby!
You are too injured to fight recklessly!
You are too injured to fight recklessly!
You are too injured to fight recklessly!
A frilled lizard is nearby!
You are too injured to fight recklessly!
A frilled lizard is nearby!
You are too injured to fight recklessly!
A frilled lizard is nearby!
You are too injured to fight recklessly!
You are too injured to fight recklessly!
You closely miss the frilled lizard. You block the frilled lizard's attack.
A frilled lizard comes into view.
You barely miss the frilled lizard. You block the frilled lizard's attack.
You hit the frilled lizard.
You kill the frilled lizard!
You block the frilled lizard's attack.
Your Long Blades skill increases to level 2!
You have reached level 2!
Your demonic ancestry asserts itself...
Your hands begin to faintly glow with unholy energy.
You hit the frilled lizard.
You kill the frilled lizard!
You see here a frilled lizard corpse.
There is a stone staircase leading down here.
There is a staircase leading out of the dungeon here.
Are you sure you want to leave the Dungeon?
This will make you lose the game!
You have escaped!

......######...........#
............†..........#
.... #######.######....#
... #.## ##.##.## ..
##.# #......# . ## #.##
##.>....## #.###.#
#........# #.#.##
#.......## #@##
###.......# #.#.#
#.#.#.##### #.# #.#
#....# ## ## ##..######
#.......# #...†)..#
#.......# ......###..#
.###### ...#


There were no monsters in sight!

Vanquished Creatures
  A goblin (D:1)
  A ball python (D:1)
  10 frilled lizards (D:1)
12 creatures vanquished.

Vanquished Creatures (others)
  9 plants (D:1)
9 creatures vanquished.

Grand Total: 21 creatures vanquished

Notes
Turn   | Place    | Note
-------+----------+-------------------------------------------
     0 | D:1      | BritishOli the Demonspawn Fighter began the quest for the
                  | Orb.
     0 | D:1      | Reached XP level 1. HP: 18/18 MP: 1/1
    83 | D:1      | Gained mutation: Your touch may inflict minor irresistible
                  | damage on your foes. [demonic ancestry]
    83 | D:1      | Reached XP level 2. HP: 12/24 MP: 2/2
   111 | D:$      | Got out of the dungeon alive.

Illustrated notes

Levels and vault maps discovered:
D:1:      reono_arrival_mine, layout_basic, nicolae_ecumenical_snake_handling,
          minmay_lizard_king

Skill      XL: |  1 |
---------------+----+-----
Long Blades    | 2 |  2.0
Fighting       | |  3.1
Armour         | |  2.8
Shields        | |  2.8

Action                   || total
-------------------------++-------
Melee: Long sword        ||    27
Armor: Scale mail        ||    17
Dodge: Dodged            ||    13
Block: Kite shield       ||    18

Table legend: (Time is in decaauts)
 A = Elapsed time spent in this place.
 B = Non-inter-level travel time spent in this place.
 C = Inter-level travel time spent in this place.
 D = Time resting spent in this place.
 E = Time spent auto-exploring this place.
 F = Levels seen in this place.
 G = Mean time per level.
                   A        B        C        D        E       F      G
               +--------+--------+--------+--------+--------+-----+--------+
         Total |    124 |     98 |     26 |      0 |     24 |   1 |  124.0 |
       Dungeon |    124 |     98 |     26 |      0 |     24 |   1 |  124.0 |
               +--------+--------+--------+--------+--------+-----+--------+

Top non-repeatable levels by time:
     D:1: 124 daAuts
